 Dungeon Crawl Stone Soup version 0.28.0-53-g5a82cb258f (webtiles) character file.

Game seed: 12972401167507811937

10 protoss039 the Digger (level 2, 0/20 HPs)
             Began as a Demonspawn Earth Elementalist on June 2, 2022.
             Slain by a quokka (3 damage)
             ... on level 1 of the Dungeon.
             The game lasted 00:01:39 (724 turns).

protoss039 the Digger (DsEE)                         Turns: 724, Time: 00:01:40

Health: 0/20       AC:  2    Str:  8    XL:     2   Next: 10%
Magic:  5/5        EV:  9    Int: 16    God:
Gold:   22         SH:  0    Dex: 13    Spells: 4/5 levels left

rFire   . . .      SeeInvis .   d - +0 short sword
rCold   . . .      Faith    .   (no shield)
rNeg    . . .      Spirit   .   b - +0 robe
rPois   .          Reflect  .   (no helmet)
rElec   .          Harm     .   (no cloak)
rCorr   .          Rampage  .   (no gloves)
Will    .....                   (no boots)
Stlth   ++........              (no amulet)
HPRegen 0.06/turn               (no ring)
MPRegen 0.09/turn               (no ring)

@: constricted
A: weakness stinger 1
a: no special abilities


You were on level 1 of the Dungeon.
You visited 1 branch of the dungeon, and saw 2 of its levels.

You collected 22 gold pieces.

Inventory:

Hand Weapons
 d - a +0 short sword (weapon)
Missiles
 c - 15 stones
Armour
 b - a +0 robe (worn)
Scrolls
 a - a scroll of teleportation {unknown}
Potions
 e - a potion of flight {unknown}


   Skills:
 * Level 0.8 Fighting
 + Level 0.3 Armour
 - Level 1.7 Dodging
 - Level 1.7 Stealth
 + Level 2.1 Spellcasting
 * Level 1.2 Transmutations
 + Level 2.7 Earth Magic


You had 4 spell levels left.
You knew the following spells:

 Your Spells              Type           Power      Damage    Failure   Level
a - Sandblast             Erth           20%        2d7       7%          1

Your spell library contained the following spells:

 Spells                   Type           Power      Damage    Failure   Level
 Passwall                 Tmut/Erth      6%         N/A       14%         2
 Stone Arrow              Conj/Erth      12%        3d7       34%         3
 Petrify                  Tmut/Erth      8%         N/A       65%         4


Dungeon Overview and Level Annotations

Branches:
Dungeon (2/15)

Altars:


Innate Abilities, Weirdness & Mutations

You have a small tail.


Message History

Okay, then.
d - a +0 short sword (weapon)
The ball python closely misses you. The ball python barely misses you.
The quokka bites you but does no damage.
Unknown command.
You hit the quokka but do no damage. The ball python barely misses you.
The ball python grabs you. The ball python constricts you.
The quokka completely misses you.
You closely miss the ball python. You tail-slap the ball python.
The ball python is severely wounded.
The ball python bites you but does no damage.
The ball python constricts you. The quokka bites you.
The goblin closely misses you. The ball python bites you.
The ball python constricts you. The jackal barely misses you.
You are too injured to fight recklessly!
You are too injured to fight recklessly!
You are too injured to fight recklessly!
You are too injured to fight recklessly!
You are too injured to fight recklessly!
You are too injured to fight recklessly!
You are too injured to fight recklessly!
You are too injured to fight recklessly!
You are too injured to fight recklessly!
You are too injured to fight recklessly!
You are too injured to fight recklessly!
You are too injured to fight recklessly!
You are too injured to fight recklessly!
You hit the goblin.
You kill the goblin!
The quokka barely misses you.
The jackal bites you but does no damage.
The ball python closely misses you. The ball python constricts you.
The quokka closely misses you.
The ball python's grasp on you weakens, but your attempt to escape fails.
The jackal bites you.
* * * LOW HITPOINT WARNING * * *
The ball python bites you.
* * * LOW HITPOINT WARNING * * *
The ball python constricts you. The quokka bites you.
You die...

##.##.....#..####
.##. #..r......... ..
#...........#
###.##.r.#........
#........').......
.####...#........
####'#####'##...(....
#...........r........
#.....####..)@h.###..
#.....# #....S.# #
#.....# #......#
#.....####......#
#.....#<>########
#.........#
##........#
#........# #........#


You could see a quokka, a jackal and a ball python.

Vanquished Creatures
  A bat (D:2)
  A giant cockroach (D:1)
  2 goblins (D:1)
  A hobgoblin (D:1)
  A jackal (D:2)
  A quokka (D:2)
  A kobold (D:2)
8 creatures vanquished.

Notes
Turn   | Place    | Note
-------+----------+-------------------------------------------
     0 | D:1      | protoss039 the Demonspawn Earth Elementalist began the
                  | quest for the Orb.
     0 | D:1      | Reached XP level 1. HP: 13/13 MP: 3/3
    30 | D:2      | Reached skill level 1 in Transmutations
   473 | D:2      | Gained mutation: You have a small tail. [demonic ancestry]
   473 | D:2      | Reached XP level 2. HP: 7/20 MP: 1/5
   724 | D:1      | Slain by a quokka

Illustrated notes

Levels and vault maps discovered:
D:1:      dpeg_arrival_tiny_a, layout_basic, serial_shops, shop
D:2:      layout_basic, dilly_ecumenical_altar_fadedgnrine,
          minmay_splitting_lines

Skill      XL: |  1 |
---------------+----+-----
Transmutations | 1 |  1.2
Fighting       | |  0.8
Armour         | |  0.3
Dodging        | |  1.7
Stealth        | |  1.7
Spellcasting   | |  2.1
Earth Magic    | |  2.7

Action                   || total
-------------------------++-------
Melee: Unarmed           ||    22
       Short sword       ||     3
       Tailslap          ||     1
 Cast: Sandblast         ||    16
  Use: Potion            ||     1
Armor: Robe              ||    19
Dodge: Dodged            ||    67
